 Dungeon Crawl Stone Soup version 0.18-a0-1180-g64ccc1e (webtiles) character file.

8144 inmateoo the Carver (level 11, -2/78 HPs)
             Began as a High Elf Fighter on Jan 27, 2016.
             Was a Follower of Okawaru.
             Slain by Leszczynek's ghost (11 damage)
             ... on level 8 of the Dungeon.
             The game lasted 00:14:08 (6425 turns).

inmateoo the Carver (High Elf Fighter)              Turns: 6425, Time: 00:14:09

Health: -2/78      AC: 18    Str: 13 (17) XL:     11   Next: 6%
Magic:  11/12      EV:  6    Int: 13      God:    Okawaru [*.....]
Gold:   405        SH: 12    Dex: 16      Spells: 0 memorised, 10 levels left

rFire  . . .     SeeInvis .     s - +3 long sword (elec)
rCold  . . .     Gourm    .     E - +0 plate armour
rNeg   . . .     Faith    .     c - +0 shield
rPois  +         Spirit   .     (no helmet)
rElec  .         Dismiss  .     (no cloak)
rCorr  .         Reflect  .     (no gloves)
SustAt .         Harm     .     j - +1 pair of boots
MR     ++...                    i - amulet of regeneration
Stlth  ..........               q - ring of poison resistance
                                r - ring of protection from magic

@: heroism, very resistant to hostile enchantments, extremely unstealthy
A: hooves 1, deterioration 1
a: Heroism, Renounce Religion


You were on level 8 of the Dungeon.
You worshipped Okawaru.
Okawaru was aware of your devotion.
You were not hungry.

You visited 2 branches of the dungeon, and saw 10 of its levels.
You also visited: Bailey.

You collected 405 gold pieces.

Inventory:

Hand Weapons
 s - a +3 long sword of electrocution (weapon)
Armour
 c - a +0 shield (worn)
 j - a +1 pair of boots (worn)
 v - a +0 large shield
 E - a +0 plate armour (worn)
Jewellery
 i - an amulet of regeneration (around neck)
 m - an uncursed ring of flight
 q - a ring of poison resistance (right hand)
 r - a ring of protection from magic (left hand)
 y - an uncursed ring of ice
 F - a +2 ring of protection
 K - an uncursed ring of positive energy
Wands
 l - a wand of polymorph (8/24)
 n - a wand of digging (9/24)
 t - a wand of paralysis (15/24)
 w - a wand of random effects (33/48)
 I - a wand of polymorph (13/24)
 L - a wand of slowing (17/48)
 M - a wand of confusion (21/48)
Scrolls
 a - 2 scrolls of silence
 b - a scroll of recharging
 d - 2 scrolls of enchant weapon
 h - 2 scrolls of vulnerability
 x - a scroll of remove curse
 z - a scroll of magic mapping
 G - 3 scrolls of fear
 H - a scroll of teleportation
Potions
 e - a potion of flight
 k - a potion of cure mutation
 o - 3 potions of curing
 u - a potion of heal wounds
 D - a potion of ambrosia {unknown}
 J - a potion of mutation {unknown}
Books
 A - a book of Debilitation

   Spells                             Type                      Level
   a - Corona                         Hexes                        1
   b - Slow                           Hexes                        2
   c - Gell's Gravitas                Hexes/Translocation          3
   d - Inner Flame                    Hexes/Fire                   3
   e - Cause Fear                     Hexes                        4
   f - Leda's Liquefaction            Hexes/Earth                  4
Comestibles
 f - 10 bread rations
 g - 6 meat rations
 p - 9 slices of pizza
 C - 4 fruits


   Skills:
 + Level 8.4(13.4) Fighting
 * Level 12.7(17.7) Long Blades
 + Level 7.5(12.5) Armour
 + Level 7.7(12.7) Shields
 + Level 0.0 Invocations


You had 10 spell levels left.
You didn't know any spells.

Dungeon Overview and Level Annotations

Branches:
Dungeon (9/15)             Temple (1/1) D:5            Lair (0/8) D:8
    Orc: D:9-12

Altars:
Ashenzari
Cheibriados
Dithmenos
Elyvilon
Fedhas
Gozag
Kikubaaqudgha
Makhleb
Nemelex Xobeh
Okawaru
Pakellas
Qazlal
Ru
Sif Muna
Trog
Vehumet
Xom
Yredelemnul
Zin
The Shining One

Annotations:
D:8 Leszczynek's ghost, novice NaWz
D:9 Leszczynek's ghost, journeyman NaWz


Innate Abilities, Weirdness & Mutations

You have large cloven feet.
Your body sometimes deteriorates upon taking damage.


Message History

You barely miss Leszczynek's ghost.
Leszczynek's ghost is moderately damaged.
You barely miss Leszczynek's ghost.
Leszczynek's ghost is moderately damaged.
Leszczynek's ghost hits you!
Your body deteriorates!
You feel weakened.
The spiny frog stings you but does no damage.
You slash Leszczynek's ghost!
Leszczynek's ghost is heavily damaged.
Leszczynek's ghost hits you!
Your body deteriorates!
You feel weakened. You block the spiny frog's attack.
You hit Leszczynek's ghost but do no damage.
There is a sudden explosion of sparks!
Leszczynek's ghost is severely damaged.
The spiny frog stings you!
* * * LOW HITPOINT WARNING * * *
Leszczynek's ghost hits you but does no damage.
You are electrocuted!
You die...

##...........,,,,* ### #
#...............* ##.###
#..............#* ##.....
#..............# ##......
*.............#*##....<.. *******
*#...........#* #........
≈≈≈≈≈≈** *,...).....#* ##........
≈≈≈≈≈≈≈******#.FW..#* ##.........
≈≈≈≈≈≈≈≈** #.§@######..........
≈≈≈≈≈≈≈≈≈** ##§§................
≈≈≈≈≈≈≈≈≈≈*####..................
≈≈≈≈≈≈≈≈≈≈≈#.....................
≈≈≈≈≈≈≈≈≈≈≈#.........##..........
⌠,,⌠≈≈≈≈≈≈≈#.......####..........
,**,,,,,,,,+........# #..........
,**,,,,,,,,+........####.........
⌠,,⌠≈≈≈≈≈≈≈#.......>.# #.........


You could see a spiny frog and Leszczynek's ghost.

Vanquished Creatures
  Erolcha (D:8)
  A deep elf knight (Bailey)
  9 deep elf magi (Bailey)
  A blink frog (D:8)
  A human (D:7)
  Edmund (D:6)
  A porcupine (D:8)
  3 sky beasts
  An orc warrior (D:8)
  A phantom (D:4)
  An ice beast (D:3)
  A black bear (D:5)
  2 centaurs
  5 ogres
  6 killer bees
  3 crimson imps
  2 hounds
  A jelly (D:7)
  11 orc priests
  A giant frog zombie (D:5)
  A gnoll shaman (D:4)
  A hell rat (D:9)
  5 worker ants
  5 orc wizards
  4 sheep (D:7)
  2 hound skeletons
  11 gnolls
  6 adders
  A river rat (D:8)
  2 shadow imps
  An adder zombie (D:6)
  2 adder skeletons
  3 worms
  4 giant geckos
  23 orcs
  4 giant cockroaches
  10 goblins
  6 hobgoblins
  9 jackals
  6 kobolds
  5 quokkas
  11 bats
  3 giant newts
  A quokka skeleton (D:4)
  17 rats
196 creatures vanquished.

Notes
Turn   | Place    | Note
--------------------------------------------------------------
     0 | D:1      | inmateoo the High Elf Fighter began the quest for the Orb.
     0 | D:1      | Reached XP level 1. HP: 16/16 MP: 2/2
     2 | D:1      | Noticed a draconian
     2 | D:1      | Noticed a demigod
     4 | D:1      | Noticed an elf
     4 | D:1      | Noticed a tengu
     6 | D:1      | Noticed a spriggan
     6 | D:1      | Noticed a halfling
     8 | D:1      | Noticed a vine stalker
    10 | D:1      | Noticed a naga
    10 | D:1      | Noticed a gargoyle
    12 | D:1      | Noticed an octopode
    12 | D:1      | Noticed an ogre
    14 | D:1      | Noticed a merfolk
    14 | D:1      | Noticed a troll
    16 | D:1      | Noticed a formicid
    16 | D:1      | Noticed a vampire
    18 | D:1      | Noticed a felid
    18 | D:1      | Noticed a centaur
    20 | D:1      | Noticed a dwarf
    22 | D:1      | Noticed a human
    24 | D:1      | Noticed a ghoul
    24 | D:1      | Noticed a demonspawn
    26 | D:1      | Noticed a minotaur
   215 | D:1      | Reached XP level 2. HP: 21/21 MP: 3/3
   432 | D:1      | Reached XP level 3. HP: 26/26 MP: 4/4
   856 | D:2      | Reached XP level 4. HP: 32/32 MP: 5/5
  1389 | D:3      | Reached skill level 4 in Long Blades
  1581 | D:3      | Reached XP level 5. HP: 33/37 MP: 6/6
  1646 | D:3      | Noticed an ice beast
  1650 | D:3      | Killed an ice beast
  1650 | D:3      | Reached skill level 5 in Long Blades
  1650 | D:3      | Reached XP level 6. HP: 43/43 MP: 7/7
  2172 | D:4      | Found a shadowy altar of Dithmenos.
  2247 | D:4      | Reached skill level 6 in Long Blades
  2247 | D:4      | Reached XP level 7. HP: 45/49 MP: 8/8
  2315 | D:4      | Found a radiant altar of Vehumet.
  2317 | D:4      | Found a burning altar of Makhleb.
  2317 | D:4      | Found a shattered altar of Ashenzari.
  2318 | D:4      | Found a sacrificial altar of Ru.
  2318 | D:4      | Found a shimmering altar of Xom.
  2319 | D:4      | Found a bloodstained altar of Trog.
  2973 | D:5      | Entered Level 5 of the Dungeon
  3045 | D:5      | Found a staircase to the Ecumenical Temple.
  3129 | D:5      | Found a glowing golden altar of the Shining One.
  3165 | D:5      | Reached skill level 7 in Long Blades
  3211 | D:5      | Reached skill level 5 in Fighting
  3262 | D:5      | Reached XP level 8. HP: 44/55 MP: 9/9
  3602 | D:6      | Reached skill level 5 in Shields
  3622 | D:6      | Noticed Edmund
  3638 | D:6      | Killed Edmund
  3638 | D:6      | Reached skill level 8 in Long Blades
  3638 | D:6      | Reached skill level 5 in Armour
  4068 | D:6      | Gained mutation: You have large cloven feet. [mutagenic meat]
  4069 | D:6      | Gained mutation: Your body sometimes deteriorates upon taking damage. [mutagenic meat]
  4070 | D:6      | Gained mutation: You are somewhat resistant to further mutation. [mutagenic meat]
  4244 | D:7      | Reached skill level 9 in Long Blades
  4257 | D:7      | Reached XP level 9. HP: 51/62 MP: 10/10
  4265 | D:7      | Lost mutation: You are somewhat resistant to further mutation. [mutagenic meat]
  4287 | D:7      | Found a blossoming altar of Fedhas.
  4537 | D:7      | Found a snail-covered altar of Cheibriados.
  4720 | D:8      | Found a flagged portal.
  4738 | Bailey   | Entered a bailey
  4751 | Bailey   | Noticed a deep elf mage
  4761 | Bailey   | Killed a deep elf mage
  4761 | Bailey   | Reached skill level 10 in Long Blades
  4816 | Bailey   | Noticed a deep elf mage
  4817 | Bailey   | Noticed a demonic crawler
  4818 | Bailey   | Noticed a deep elf mage
  4818 | Bailey   | Noticed a deep elf mage
  4828 | Bailey   | Killed a deep elf mage
  4834 | Bailey   | Noticed a deep elf mage
  4838 | Bailey   | Killed a deep elf mage
  4840 | Bailey   | Noticed an orange demon
  4842 | Bailey   | Noticed a deep elf mage
  4844 | Bailey   | Killed a deep elf mage
  4844 | Bailey   | Reached skill level 11 in Long Blades
  4844 | Bailey   | Reached XP level 10. HP: 41/71 MP: 11/11
  4857 | Bailey   | Killed a deep elf mage
  4861 | Bailey   | Noticed a sixfirhy
  4862 | Bailey   | Killed a deep elf mage
  4958 | Bailey   | Noticed a deep elf mage
  4959 | Bailey   | Noticed a deep elf mage
  4959 | Bailey   | Noticed a deep elf mage
  4975 | Bailey   | Killed a deep elf mage
  4983 | Bailey   | Killed a deep elf mage
  4989 | Bailey   | Killed a deep elf mage
  4989 | Bailey   | Reached skill level 12 in Long Blades
  5085 | Bailey   | Noticed a deep elf knight
  5105 | Bailey   | Killed a deep elf knight
  5302 | D:8      | Noticed Leszczynek's ghost (novice NaWz)
  5416 | Temple   | Entered the Ecumenical Temple
  5496 | Temple   | Became a worshipper of Warmaster Okawaru
  5888 | D:8      | Found a staircase to the Lair.
  5932 | D:9      | Noticed Leszczynek's ghost (journeyman NaWz)
  6058 | D:8      | Noticed Erolcha
  6100 | D:8      | Killed Erolcha
  6100 | D:8      | Reached * piety under Okawaru
  6100 | D:8      | Reached XP level 11. HP: 47/78 MP: 12/12
  6425 | D:8      | Slain by Leszczynek's ghost

Vault maps used:
D:1:      kb_arrival_jail
D:2:      first_bread, kennysheep_pointless_box
D:4:      nicolae_dithmenos_the_darkroom, grunt_temple_overflow_open,
          kennysheep_nub, minmay_surrounded
D:5:      minmay_temple_entry_overgrown, basic_altar
D:6:      uniq_edmund
D:7:      kennysheep_mini_moat, grunt_livestock, fedhas_altar_3
D:8:      kennysheep_big_flooded_room, dpeg_lair_monsters, enter_bailey_2,
          grunt_decor_resistance, uniq_erolcha
Temple:   oiseaux_autumnal_temple_12
Bailey:   bailey_polearm_3, bailey

Action                   |  1- 3 |  4- 6 |  7- 9 | 10-12 || total
-------------------------+-------+-------+-------+-------++-------
Melee: Long sword        |   123 |   145 |   259 |   137 ||   664
Invok: Heroism           |       |       |       |     1 ||     1
Evoke: Wand              |       |       |     2 |     4 ||     6
  Use: Scroll            |       |    10 |     6 |     3 ||    19
       Potion            |       |     2 |     2 |     7 ||    11
 Stab: Paralysed         |       |       |     2 |       ||     2
       Invisible         |       |       |       |     5 ||     5
       Distracted        |       |       |       |     1 ||     1
  Eat: Chunk             |       |     5 |    15 |       ||    20
       Beef jerky        |       |       |       |     5 ||     5
       Fruit             |       |       |       |     1 ||     1
